 Dungeon Crawl Stone Soup version 0.22.0 (webtiles) character file.

87 DingoDongler the Conjurer (level 4, 0/24 HPs)
             Began as a Deep Elf Conjurer on Aug 16, 2018.
             Succumbed to a worker ant's poison
             ... on level 4 of the Dungeon.
             The game lasted 00:12:08 (2157 turns).

DingoDongler the Conjurer (Deep Elf Conjurer)       Turns: 2157, Time: 00:12:09

Health: 0/24       AC:  3    Str:  4 (5)  XL:     4   Next: 28%
Magic:  6/11       EV: 18    Int: 18 (21) God:
Gold:   157        SH:  0    Dex: 17 (20) Spells: 9/10 levels left

rFire    . . .     SeeInvis .   e - +1 dagger (holy)
rCold    . . .     Gourm    .   (no shield)
rNeg     . . .     Faith    .   a - +1 robe
rPois    .         Spirit   .   (no helmet)
rElec    .         Reflect  .   (no cloak)
rCorr    .         Harm     .   (no gloves)
MR       .....                  (no boots)
Stlth    ++........             f - amulet of inaccuracy (curse)
HPRegen  0.08/turn              l - ring of attention (curse)
MPRegen  0.12/turn              (no ring)

@: agile, lethally poisoned (0 -> -9)
A: no striking features
a: no special abilities


You were on level 4 of the Dungeon.
You were hungry.

You visited 1 branch of the dungeon, and saw 4 of its levels.

You collected 157 gold pieces.

Inventory:

Hand Weapons
 e - a +1 dagger of holy wrath (weapon)
 n - a +0 dagger
Armour
 a - a +1 robe (worn)
Jewellery
 b - an uncursed amulet of the gourmand
 f - a cursed amulet of inaccuracy (around neck)
 l - a cursed ring of attention (left hand)
 o - a +3 ring of strength {unknown}
Scrolls
 h - a scroll of fog
 i - 2 scrolls of enchant armour
 j - a scroll of identify
Potions
 d - a potion of resistance {unknown}
 m - a potion of brilliance {unknown}
 q - a potion of curing {unknown}
 r - a potion of invisibility {unknown}
Comestibles
 c - 5 rations


   Skills:
 + Level 0.1 Fighting
 + Level 0.1 Short Blades
 + Level 3.0 Dodging
 + Level 2.6 Stealth
 + Level 3.9 Spellcasting
 + Level 5.5 Conjurations


You had 9 spell levels left.
You knew the following spells:

 Your Spells              Type           Power        Failure   Level  Hunger
a - Magic Dart            Conj           ###.         1%          1    None

Your spell library contained the following spells:

 Spells                   Type           Power        Failure   Level  Hunger
 Iskenderun's Mystic Bla  Conj           ###.....     14%         4    ####...
 Fulminant Prism          Conj/Hex       ##........   43%         4    ####...
 Dazzling Spray           Conj/Hex       ##....       14%         3    ###....
 Force Lance              Conj/Tloc      ##......     43%         4    ####...
 Searing Ray              Conj           ###...       2%          2    ##.....


Dungeon Overview and Level Annotations

Branches:
Dungeon (3/15)

Altars:
Dithmenos
Elyvilon

Annotations:
D:4 1 transporter


Message History

Press: ? - help, Shift-Dir - straight line, f/p - worker ant
Aim: a worker ant (almost dead)
The magic dart hits the worker ant.
You kill the worker ant!
You have reached level 4!
You feel clever.
* * * LOW HITPOINT WARNING * * *
You feel sick.
* * * LOW HITPOINT WARNING * * *
You feel sick.
* * * LOW HITPOINT WARNING * * *
You feel sick.
It was a potion of agility.
You feel agile all of a sudden.
* * * LOW HITPOINT WARNING * * *
You feel sick.
It was a potion of degeneration.
There was something very wrong with that liquid.
You feel weakened.
You feel dopey.
You feel clumsy.
You die...

#......# ..
+......+ ..#
#......
...##.....
.©.......
######..####.##
[...8##.......$
.....o#.####.##
.©..#O#@# #.#
...#..#.####.#
......#......#
...#..#......#
....#.#......+
%$=$..#......#
_._$8##......#
######.....###
.©.....#...#


You could see an ogre and an orc.

Vanquished Creatures
  A worker ant (D:4)
  An adder (D:3)
  2 worms
  4 dart slugs (D:1)
  2 leopard geckos (D:1)
  An orc (D:3)
  7 giant cockroaches
  4 goblins
  2 hobgoblins
  A ball python (D:3)
  2 bats
  3 frilled lizards
  8 kobolds
  A rat (D:2)
39 creatures vanquished.

Notes
Turn   | Place    | Note
-------+----------+-------------------------------------------
     0 | D:1      | DingoDongler the Deep Elf Conjurer began the quest for the Orb.
     0 | D:1      | Reached XP level 1. HP: 10/10 MP: 6/6
   274 | D:1      | Reached XP level 2. HP: 15/15 MP: 6/8
   571 | D:1      | Reached skill level 5 in Conjurations
  1032 | D:1      | Reached XP level 3. HP: 19/19 MP: 5/9
  2128 | D:3      | You fall through a shaft!
  2128 | D:4      | Found a white marble altar of Elyvilon.
  2133 | D:4      | Noticed an ogre
  2138 | D:4      | Found a shadowy altar of Dithmenos.
  2138 | D:4      | Found a transporter.
  2153 | D:4      | Reached XP level 4. HP: 5/24 MP: 6/11
  2156 | D:4      | HP: 1/24 [poisoned by a worker ant]
  2157 | D:4      | Succumbed to a worker ant's poison

Skill      XL: |  1  2  3 |
---------------+----------+-----
Conjurations   | 5 |  5.5
Dodging        | 3 |  3.0
Fighting       | |  0.1
Short Blades   | |  0.1
Stealth        | |  2.6
Spellcasting   | |  3.9

Action                   |  1- 3 |  4- 6 || total
-------------------------+-------+-------++-------
Melee: Dagger            |     7 |       ||     7
 Cast: Magic Dart        |    86 |     1 ||    87
  Use: Scroll            |     5 |       ||     5
       Potion            |       |     2 ||     2
  Eat: Chunk             |     3 |       ||     3
Armor: Robe              |     3 |       ||     3
Dodge: Dodged            |    16 |       ||    16
